 Dungeon Crawl Stone Soup version 0.28-a0-987-g8383568036 (webtiles) character file.

Game seed: 483294610154678510

8968 Essalna the Tainter (level 11, -7/84 HPs)
             Began as a Demonspawn Venom Mage on Dec 3, 2021.
             Was a Believer of Vehumet.
             Mangled by a polar bear (16 damage)
             ... on level 3 of the Lair of Beasts on Dec 4, 2021.
             The game lasted 00:34:42 (14083 turns).

Essalna the Tainter (Demonspawn Venom Mage)        Turns: 14083, Time: 00:34:42

Health: -7/84      AC: 15    Str: 12    XL:     11   Next: 16%
Magic:  22/23      EV: 12    Int: 27    God:    Vehumet [**....]
Gold:   688        SH:  5    Dex: 13    Spells: 19/26 levels left

rFire   + . .      SeeInvis .   p - +1 long sword "Leqelote" {protect, *Rage rC+ Int+5}
rCold   + + +      Faith    .   j - +0 buckler {rPois}
rNeg    + . .      Spirit   .   z - +1 robe {rC+ rF+}
rPois   +          Reflect  .   (no helmet)
rElec   .          Harm     .   y - +0 cloak of the Cuttlefish {Fly rN+ Str+4 Stlth-}
rCorr   .          Rampage  .   (gloves unavailable)
Will    .....      Rage     20% q - +2 pair of boots
Stlth   +.........              x - amulet of magic regeneration
HPRegen 0.24/turn               B - +4 ring of protection
MPRegen 0.58/turn               (no ring)

@: flying
A: icy blue scales 3, ignite blood 1, demonic touch 3
a: Renounce Religion


You were on level 3 of the Lair of Beasts.
You worshipped Vehumet.
Vehumet was pleased with you.
You visited 3 branches of the dungeon, and saw 12 of its levels.
You also visited: Sewer, Ossuary and Volcano.

You collected 688 gold pieces.

Inventory:

Hand Weapons
 p - the +1 long sword "Leqelote" (weapon) {protect, *Rage rC+ Int+5}
   (You found it on level 5 of the Dungeon)

   It grants its wielder temporary protection when it strikes (+7 to AC).
   Int:       It affects your intelligence (+5).
   rC:        It protects you from cold.
   *Rage:     It berserks you when you make melee attacks (+20% chance).
 D - a +0 whip of electrocution
 G - the +6 mace "Guomieg" {venom, *Rage rN+ Str+3 Int+3}
   (You found it on level 7 of the Dungeon)

   It poisons the flesh of those it strikes.
   Str:       It affects your strength (+3).
   Int:       It affects your intelligence (+3).
   rN:        It protects you from negative energy.
   *Rage:     It berserks you when you make melee attacks (+20% chance).
Missiles
 H - a throwing net
Armour
 a - a +0 robe
 i - a +0 pair of boots
 j - a +0 buckler of poison resistance (worn)
 q - a +2 pair of boots (worn)
 y - the +0 cloak of the Cuttlefish (worn) {Fly rN+ Str+4 Stlth-}
   (You found it on level 4 of the Dungeon)

   Str:       It affects your strength (+4).
   rN:        It protects you from negative energy.
   Fly:       It grants you flight.
   Stlth:     It makes you less stealthy.
 z - a +1 robe of resistance (worn)
 E - a +1 leather armour of willpower
 N - the +1 robe "Ratetsel" {Str+6 Dex-3 Archmagi}
   (You found it on level 2 of the Lair of Beasts)

   Str:       It affects your strength (+6).
   Dex:       It affects your dexterity (-3).
   Archmagi:  It increases the power of your magical spells.
Magical Staves
 m - a staff of earth
 Q - a staff of poison
Jewellery
 x - an amulet of magic regeneration (around neck)
 B - a +4 ring of protection (left hand)
Wands
 r - a wand of charming (8)
 A - a wand of flame (7)
 I - a wand of paralysis (14)
 O - a wand of digging (5)
Scrolls
 d - 4 scrolls of teleportation
 s - 10 scrolls of identify
 t - 2 scrolls of torment
 w - a scroll of enchant armour
 C - a scroll of amnesia
 F - a scroll of enchant weapon
 J - a scroll of brand weapon
 K - a scroll of acquirement
 L - a scroll of holy word {unknown}
 M - a scroll of immolation {unknown}
 P - a scroll of silence
 R - a scroll of magic mapping {unknown}
 S - a scroll of summoning {unknown}
Potions
 b - 4 potions of brilliance {unknown}
 c - 2 potions of resistance
 e - 5 potions of haste
 f - 18 potions of degeneration
 g - 4 potions of might {unknown}
 h - 3 potions of lignification {unknown}
 k - 3 potions of curing {unknown}
 l - 3 potions of heal wounds {unknown}
 n - a potion of cancellation {unknown}
 o - 7 potions of mutation
 u - 2 potions of attraction {unknown}
 v - 3 potions of magic {unknown}


   Skills:
 + Level 7.3 Fighting
 - Level 1.7 Dodging
 - Level 1.7 Stealth
 - Level 4.0 Shields
 + Level 8.4 Spellcasting
 - Level 1.0 Transmutations
 + Level 7.8 Air Magic
 + Level 9.4 Poison Magic


You had 19 spell levels left.
You knew the following spells:

 Your Spells              Type           Power      Damage    Failure   Level
a - Sting                 Tmut/Pois      100%       1d8       1%          1
b - Poisonous Vapours     Pois/Air       100%       N/A       1%          2
c - Olgreb's Toxic Radia  Pois           58%        N/A       1%          4

Your spell library contained the following spells:

 Spells                   Type           Power      Damage    Failure   Level
 Conjure Flame            Conj/Fire      11%        6-21      16%         3
 Mephitic Cloud           Conj/Pois/Air  42%        N/A       1%          3
 Spider Form              Tmut/Pois      39%        N/A       1%          3
 Ensorcelled Hibernation  Hex/Ice        22%        N/A       8%          2
 Inner Flame              Hex/Fire       11%        N/A       16%         3
 Petrify                  Tmut/Erth      14%        N/A       38%         4
 Cause Fear               Hex            5%         N/A       45%         4
 Metabolic Englaciation   Hex/Ice        5%         N/A       80%         5
 Statue Form              Tmut/Erth      9%         N/A       99%         6
 Discord                  Hex            5%         N/A       100%        8


Dungeon Overview and Level Annotations

Branches:
Dungeon (8/15)             Temple (1/1) D:4            Lair (3/6) D:8
  Sewer (visited)         Ossuary (visited)         Volcano (visited)
  Swamp: Lair:2-4    Shoals: Lair:2-4     Snake: Lair:2-4    Spider: Lair:2-4

Altars:
Ashenzari
Cheibriados
Dithmenos
Elyvilon
Fedhas
Gozag
Hepliaklqana
Kikubaaqudgha
Makhleb
Nemelex Xobeh
Okawaru
Qazlal
Ru
Sif Muna
Trog
Uskayaw
Vehumet
Wu Jian
Xom
Yredelemnul
Zin

Annotations:
D:4 2 transporters, Htamos's ghost, novice DgFi


Innate Abilities, Weirdness & Mutations

You are completely covered in icy blue scales. (AC +4, rC+)
Your demonic aura sometimes causes spilled blood to erupt in flames.
Your touch may irresistibly damage your foes and sap their willpower.


Message History

Casting: Olgreb's Toxic Radiance (mildly dangerous; 1% risk of failure)
Confirm with . or Enter, or press ? or * to list all spells.
You begin to radiate toxic energy.
The polar bear looks even sicker.
The yak gores you. The polar bear closely misses you.
The polar bear barely misses you.
The polar bear claws you but does no damage.
The yak looks even sicker.
The yak looks as sick as possible!
The polar bear looks as sick as possible!
Your toxic aura wanes.
The yak barely misses you. The yak gores you but does no damage.
The polar bear bites you!
The polar bear claws you but does no damage.
The polar bear closely misses you. The yak gores you! x2
* * * LOW HITPOINT WARNING * * *
The polar bear closely misses you. The polar bear claws you.
* * * LOW HITPOINT WARNING * * *
The polar bear closely misses you.
You slash the yak!
Your weapon exudes an aura of protection.
You kill the yak!
Vehumet accepts your kill. You block the yak's attack.
You block the polar bear's attack.
The polar bear claws you but does no damage. x2
Found a ring mail.
The polar bear goes berserk!
Casting: Olgreb's Toxic Radiance (mildly dangerous; 1% risk of failure)
Confirm with . or Enter, or press ? or * to list all spells.
Aiming: Poisonous Vapours (safe; 1% risk of failure)
Press: ? - help, Dir - move target, f - polar bear
Aim: a polar bear (almost dead, berserk, very poisoned) Poisonous vapours surround the polar bear!
The polar bear looks as sick as possible!
The polar bear bites you.
* * * LOW HITPOINT WARNING * * *
You block the polar bear's attack. The polar bear barely misses you. x2
The polar bear closely misses you. The polar bear claws you.
* * * LOW HITPOINT WARNING * * *
Found a book of Geomancy.
The polar bear bites you!
You die...

#.............. #..:..
#########...... ##.....
♣♣P.≈♣. #...... #
♣♣≈♣♣# #......#. ♣≈≈♣♣.
#.......# ♣♣≈P♣♣
#.......##
###♣♣♣♣♣♣≈≈♣♣
.........#
#..≈P♣♣P≈..♣P .......@#
##..≈≈≈≈.≈≈≈. #......h#
#.♣♣≈♣≈≈≈≈♣♣ #.......##
#.♣♣♣♣♣.≈♣♣
.......Y.####.#P♣.♣P≈P♣
.......Y.P##......♣≈≈P♣
.........#####...♣♣♣≈♣♣
..[.......##P.....♣♣.♣
.........#.#.........#
..........#......#####


You could see a polar bear (berserk, extremely poisoned) and 2 yaks.

Vanquished Creatures
  Fannar (Lair:3)
  Harold (D:7)
  Pikel (D:6)
  A deep elf pyromancer (D:7)
  Maggie (D:6)
  A komodo dragon (D:8)
  A hornet (D:8)
  A wyvern (D:7)
  11 yaks
  2 fire bats (Volcano)
  Menkaure (D:6)
  6 water moccasins
  Duvessa (D:4)
  An orc warrior (D:7)
  2 black bears (D:8)
  4 sky beasts
  A necrophage (D:5)
  5 ogres
  3 centaurs
  2 kobold brigands
  5 bullfrogs
  A scorpion (D:8)
  2 water moccasin zombies
  2 water moccasin skeletons
  Dowan (D:4)
  A wight (D:7)
  2 electric eels (Lair:3)
  6 lava snakes (Volcano)
  2 centaur zombies (Ossuary)
  A human zombie (Ossuary)
  A hound (D:7)
  A jelly (D:4)
  4 orc priests
  Natasha (twice) (D:3)
  4 iguanas
  5 orc wizards
  5 mummies
  A howler monkey skeleton (D:4)
  11 adders
  A shadow imp (D:8)
  2 worms
  A dart slug (D:1)
  24 orcs
  5 ball pythons
  7 endoplasms
  7 giant cockroaches
  4 goblins
  3 hobgoblins
  9 jackals
  4 bats
  6 frilled lizards
  3 goblin zombies (Ossuary)
  17 kobolds
  2 kobold zombies (Ossuary)
  13 rats
212 creatures vanquished.

Vanquished Creatures (others)
  55 fungi
  55 plants
110 creatures vanquished.

Grand Total: 322 creatures vanquished

Notes
Turn   | Place    | Note
-------+----------+-------------------------------------------
     0 | D:1      | Essalna the Demonspawn Venom Mage began the quest for the
                  | Orb.
     0 | D:1      | Reached XP level 1. HP: 13/13 MP: 3/3
    85 | D:1      | Reached skill level 1 in Transmutations
   193 | D:1      | Found a faded altar of an unknown god.
   357 | D:1      | Gained mutation: Your touch may inflict minor irresistible
                  | damage on your foes. [demonic ancestry]
   357 | D:1      | Reached XP level 2. HP: 19/19 MP: 0/5
  1489 | D:1      | Learned a level 2 spell: Poisonous Vapours
  1925 | D:2      | Gained mutation: Your touch may inflict irresistible damage
                  | on your foes. [demonic ancestry]
  1925 | D:2      | Reached XP level 3. HP: 24/24 MP: 4/7
  2870 | D:2      | Reached skill level 1 in Air Magic
  2987 | D:3      | Gained mutation: Your touch may irresistibly damage your
                  | foes and sap their willpower. [demonic ancestry]
  2987 | D:3      | Reached XP level 4. HP: 30/30 MP: 5/8
  3055 | D:3      | Reached skill level 4 in Poison Magic
  3388 | D:3      | Noticed Natasha
  3396 | D:3      | Killed Natasha
  3645 | D:3      | Noticed Natasha
  3652 | D:3      | Killed Natasha
  3866 | D:4      | Found a transporter.
  3866 | D:4      | Noticed an ogre
  3876 | D:4      | Killed an ogre
  3877 | D:4      | Gained mutation: Your demonic aura sometimes causes spilled
                  | blood to erupt in flames. [demonic ancestry]
  3877 | D:4      | Reached XP level 5. HP: 12/35 MP: 4/10
  3889 | D:4      | Noticed an ogre
  3890 | D:4      | Noticed Htamos's ghost (novice DgFi)
  3891 | D:4      | Noticed an ogre
  4088 | D:4      | Found a glowing drain.
  4132 | Sewer    | Entered a sewer
  4393 | Sewer    | Gained mutation: You are partially covered in icy blue
                  | scales. (AC +2) [demonic ancestry]
  4393 | Sewer    | Reached XP level 6. HP: 40/41 MP: 7/11
  4874 | Sewer    | Identified a scroll of acquirement
  4874 | Sewer    | Acquired a +0 buckler of poison resistance
  4886 | Sewer    | Upgraded the game from 0.28-a0-983-g1de4e0787c to
                  | 0.28-a0-987-g8383568036
  5025 | D:4      | You fall into a shaft and drop 2 floors!
  5040 | D:6      | Noticed a sky beast
  5045 | D:5      | Entered Level 5 of the Dungeon
  5073 | D:5      | Identified the +1 long sword "Leqelote" {protect, *Rage rC+
                  | Int+5}
  5081 | D:5      | Found a sand-covered staircase.
  5092 | D:5      | Reached skill level 5 in Poison Magic
  5102 | Ossuary  | Entered an ossuary
  5413 | Ossuary  | Reached skill level 1 in Shields
  5809 | Ossuary  | Gained mutation: You are mostly covered in icy blue scales.
                  | (AC +3) [demonic ancestry]
  5809 | Ossuary  | Reached XP level 7. HP: 43/46 MP: 13/13
  5871 | D:4      | Found a staircase to the Ecumenical Temple.
  5878 | Temple   | Entered the Ecumenical Temple
  6265 | Temple   | Became a worshipper of Vehumet
  6495 | D:4      | Identified the +0 cloak of the Cuttlefish {Fly rN+ Str+4
                  | Stlth-}
  6503 | D:4      | Noticed Dowan
  6504 | D:4      | Noticed Duvessa
  6519 | D:4      | Killed Duvessa
  6531 | D:4      | Killed Dowan
  6901 | D:4      | Found a transporter.
  6912 | D:4      | Learned a level 4 spell: Olgreb's Toxic Radiance
  7728 | D:5      | Reached skill level 1 in Fighting
  7728 | D:5      | Reached XP level 8. HP: 54/54 MP: 10/15
  7749 | D:5      | Reached skill level 5 in Spellcasting
  7820 | D:5      | Reached skill level 6 in Poison Magic
  8670 | D:6      | Noticed Maggie
  8693 | D:6      | Killed Maggie
  8899 | D:6      | Gained mutation: You are completely covered in icy blue
                  | scales. (AC +4, rC+) [demonic ancestry]
  8899 | D:6      | Reached XP level 9. HP: 64/64 MP: 12/17
  8953 | D:6      | Noticed Pikel
  8964 | D:6      | Killed Pikel
  8965 | D:6      | Reached skill level 5 in Air Magic
  8965 | D:6      | Reached skill level 7 in Poison Magic
  8966 | D:6      | Reached * piety under Vehumet
  8966 | D:6      | Offered knowledge of Foxfire by Vehumet.
  9059 | D:6      | Noticed Menkaure
  9066 | D:6      | Killed Menkaure
  9477 | D:7      | Identified the +6 mace "Guomieg" {venom, *Rage rN+ Str+3
                  | Int+3}
  9556 | D:7      | Noticed Harold
  9591 | D:7      | Killed Harold
  9592 | D:7      | Reached skill level 5 in Fighting
  9761 | D:7      | Reached ** piety under Vehumet
  9865 | D:7      | Offered knowledge of Scorch by Vehumet.
 10035 | D:7      | Noticed a deep elf pyromancer
 10053 | D:7      | Killed a deep elf pyromancer
 10054 | D:7      | Reached skill level 8 in Poison Magic
 10054 | D:7      | Reached XP level 10. HP: 38/74 MP: 8/20
 10930 | D:8      | Found a staircase to the Lair.
 11662 | D:8      | Offered knowledge of Conjure Flame by Vehumet.
 11737 | D:8      | Reached skill level 9 in Poison Magic
 11745 | Lair:1   | Entered Level 1 of the Lair of Beasts
 12102 | Lair:1   | Noticed a six-headed hydra
 12114 | Lair:2   | Identified the +1 robe "Ratetsel" {Str+6 Dex-3 Archmagi}
 12200 | Lair:2   | Found a dark tunnel.
 12210 | Volcano  | Entered a volcano
 12726 | Volcano  | Found a radiant altar of Vehumet.
 13678 | Lair:3   | Noticed Fannar
 13687 | Lair:3   | Reached XP level 11. HP: 64/84 MP: 20/23
 13711 | Lair:3   | Killed Fannar
 14083 | Lair:3   | Mangled by a polar bear

Illustrated notes

Levels and vault maps discovered:
D:1:      dpeg_arrival_brainrot, layout_basic,
          shapermc_ecumenical_altar_totnotflames, minmay_misc_feat_tower,
          hangedman_glass_teeth, kennysheep_pointless_box, chequers_garden,
          grunt_decor_resistance, hangedman_decor_diamond_cutter
D:2:      layout_loops_ring
D:3:      cheibrodos_helix_gallery, layout_basic, uniq_natasha
D:4:      layout_basic, minmay_temple_entry_nine_rooms, gup_sewer_entry_glass,
          gammafunk_ghost_smash, uniq_duvessa
D:5:      layout_gridville, gup_ossuary_entry_pyramid
D:6:      layout_cave_pools, uniq_maggie, uniq_menkaure, uniq_pikel
D:7:      layout_loops_ring, minmay_chambers_of_fives, uniq_harold
D:8:      layout_loops_ring, elyvilon_altar_3, due_lair_maze_entry_diamond
Temple:   mainiacjoe_temple_big_plus
Lair:1:   layout_cave_pods, minivault_27
Lair:2:   layout_misc_corridors, nicolae_volcano_entry_lava_flow,
          grunt_megastairs_3, lemuel_fruit_tree
Lair:3:   layout_hall_layers, guppyfry_snake_entry_garden, special_room
          [special_room_bee], serial_bayou_crossing, serial_bayou_shore_a,
          uniq_urug, uniq_fannar

Skill      XL: |  1  2  3  4  5  6  7  8  9 10 |
---------------+-------------------------------+-----
Transmutations | 1 |  1.0
Air Magic      | 1 2 3 4 6 7 |  7.8
Spellcasting   | 3 4 5 7 8 |  8.4
Poison Magic   | 4 5 6 8 9 |  9.4
Shields        | 1 2 4 |  4.0
Fighting       | 1 3 5 7 |  7.3
Dodging        | |  1.7
Stealth        | |  1.7

Action                   |  1- 3 |  4- 6 |  7- 9 | 10-12 || total
-------------------------+-------+-------+-------+-------++-------
Melee: Unarmed           |    29 |       |       |       ||    29
       Dagger            |     4 |       |       |       ||     4
       Staff             |     5 |    20 |       |       ||    25
       Touch             |     4 |     7 |       |       ||    11
       Long sword        |       |    92 |   136 |   112 ||   340
 Cast: Sting             |    78 |    70 |    39 |     7 ||   194
       Poisonous Vapours |       |     2 |   104 |    85 ||   191
       Olgreb's Toxic Ra |       |       |     7 |    18 ||    25
  Use: Scroll            |       |    10 |       |     4 ||    14
 Stab: Sleeping          |     1 |       |       |       ||     1
Armor: Robe              |    10 |    93 |    90 |   110 ||   303
Dodge: Dodged            |    43 |   111 |   108 |   142 ||   404
Block: Buckler           |       |    26 |    37 |    50 ||   113

Table legend: (Time is in decaauts)
 A = Elapsed time spent in this place.
 B = Non-inter-level travel time spent in this place.
 C = Inter-level travel time spent in this place.
 D = Time resting spent in this place.
 E = Time spent auto-exploring this place.
 F = Levels seen in this place.
 G = Mean time per level.
                   A        B        C        D        E       F      G
               +--------+--------+--------+--------+--------+-----+--------+
         Total |  14678 |  14196 |    482 |    100 |  11631 |  15 |  978.5 |
       Dungeon |  10190 |   9806 |    384 |      0 |   7967 |   8 | 1273.8 |
        Temple |    430 |    386 |     44 |      0 |    379 |   1 |  430.0 |
          Lair |   1729 |   1675 |     54 |      0 |   1493 |   3 |  576.3 |
         Sewer |    849 |    849 |      0 |      0 |    753 |   1 |  849.0 |
       Ossuary |    830 |    830 |      0 |      0 |    601 |   1 |  830.0 |
       Volcano |    648 |    648 |      0 |    100 |    437 |   1 |  648.0 |
               +--------+--------+--------+--------+--------+-----+--------+

Top non-repeatable levels by time:
     D:1: 1919 daAuts
     D:4: 1911 daAuts
     D:8: 1361 daAuts
     D:7: 1127 daAuts
     D:2: 1045 daAuts
     D:6: 1013 daAuts
     D:5: 913 daAuts
     D:3: 897 daAuts
   Sewer: 849 daAuts
 Ossuary: 830 daAuts
  Lair:2: 683 daAuts
  Lair:3: 671 daAuts
 Volcano: 648 daAuts
  Temple: 430 daAuts
  Lair:1: 374 daAuts
